 Dungeon Crawl Stone Soup version 0.17.1-2-g5865329 (webtiles) character file.

2137 Lonerover the Fighter (level 9, -4/83 HPs)
             Began as a Minotaur Fighter on Jan 27, 2016.
             Was a Follower of Okawaru.
             Engulfed by a cloud of freezing vapour (9 damage)
             ... on level 7 of the Dungeon.
             The game lasted 00:41:09 (7549 turns).

Lonerover the Fighter (Minotaur Fighter)            Turns: 7549, Time: 00:41:10

Health: -4/83      AC: 16    Str: 23    XL:     9   Next: 9%
Magic:  17/17      EV:  5    Int:  8    God:    Okawaru [*.....]
Gold:   335        SH: 11    Dex: 11    Spells: 0 memorised, 8 levels left

rFire  . . .     SeeInvis .     a - +1 war axe
rCold  + . .     Clarity  .     w - +2 plate armour
rNeg   . . .     SustAt   .     c - +0 shield
rPois  +         Gourm    .     (helmet restricted)
rElec  +         Spirit   .     r - +0 cloak
rCorr  .         Warding  .     (no gloves)
rMut   .         Stasis   .     (no boots)
MR     .....                    i - amulet "Nommaur" {+Rage +Inv rElec MP+9 Int+3}
Stlth  ..........               j - ring of poison resistance
                                C - ring of protection from cold

@: not resistant to hostile enchantments, extremely unstealthy
A: retaliatory headbutt, horns 2
a: Heroism, Renounce Religion, Evoke Berserk Rage, Evoke Invisibility


You were on level 7 of the Dungeon.
You worshipped Okawaru.
Okawaru was aware of your devotion.
You were very hungry.

You visited 2 branches of the dungeon, and saw 8 of its levels.
You also visited: Ossuary.

You collected 335 gold pieces.

Inventory:

Hand Weapons
 a - a +1 war axe (weapon)
 n - a +3 hand axe
Armour
 b - a +0 scale mail
 c - a +0 shield (worn)
 p - a +0 ring mail
 r - a +0 cloak (worn)
 w - a +2 plate armour (worn)
 z - a +1 ring mail of magic resistance
Rods
 J - a +0 iron rod (9/9)
   (You found it on level 6 of the Dungeon)
Jewellery
 i - the amulet "Nommaur" (around neck) {+Rage +Inv rElec MP+9 Int+3}
   (You found it on level 7 of the Dungeon)

   [amulet of rage]

   It affects your intelligence (+3).
   It insulates you from electricity.
   It affects your magic capacity (+9).
   It lets you turn invisible.
   It lets you go berserk.
 j - a ring of poison resistance (right hand)
 k - a +3 ring of intelligence
 C - a ring of protection from cold (left hand)
 D - an uncursed ring of protection from cold
 I - an uncursed amulet of clarity
Wands
 v - a wand of cold (7)
Scrolls
 f - a scroll of immolation {unknown}
 g - 2 scrolls of identify
 o - a scroll of recharging {unknown}
 q - 2 scrolls of teleportation
 s - 4 scrolls of remove curse
Potions
 d - 3 potions of might
 h - 6 potions of brilliance
 l - 2 potions of poison
 A - a potion of haste
 H - 2 potions of mutation
 K - a potion of cure mutation
Books
 m - a book of Fire

   Spells                             Type                      Level
   a - Ignite Poison                  Fire/Transmutation/Poison    3
   b - Fireball                       Conjuration/Fire             5
   c - Bolt of Fire                   Conjuration/Fire             6
   d - Delayed Fireball               Conjuration/Fire             7
   e - Ring of Flames                 Charms/Fire                  7
 B - a book of Spatial Translocations

   Spells                             Type                      Level
   a - Apportation                    Translocation                1
   b - Blink                          Translocation                2
   c - Shroud of Golubria             Charms/Translocation         2
   d - Portal Projectile              Translocation                3
   e - Teleport Other                 Translocation                3
   f - Passage of Golubria            Translocation                4
 G - a book of Enchantments

   Spells                             Type                      Level
   a - Cause Fear                     Hexes                        4
   b - Silence                        Hexes/Air                    5
   c - Deflect Missiles               Charms/Air                   6
   d - Haste                          Charms                       6
   e - Discord                        Hexes                        8
Comestibles
 e - 7 bread rations
 t - 7 slices of pizza
 u - 5 fruits
 x - 3 beef jerkies
 F - 2 meat rations


   Skills:
 * Level 9.0 Fighting
 * Level 8.9 Axes
 + Level 6.7 Armour
 + Level 6.8 Shields


You had 8 spell levels left.
You didn't know any spells.

Dungeon Overview and Level Annotations

Branches:
Dungeon (7/15)             Temple (1/1) D:5

Altars:
Ashenzari
Cheibriados
Dithmenos
Elyvilon
Fedhas
Gozag
Kikubaaqudgha
Makhleb
Nemelex Xobeh
Okawaru
Qazlal
Ru
Sif Muna
Trog
Vehumet
Xom
Yredelemnul
Zin
The Shining One

Shops:
D:7 %

Annotations:
D:3 DishwasherDemon's ghost, amateur HuNe; Pikel


Innate Abilities, Weirdness & Mutations

You reflexively headbutt those who attack you in melee.
You have a pair of horns on your head.


Message History

Unknown command.
You see here a club.
The ogre is engulfed in freezing vapours.
The ogre is engulfed in freezing vapours.
The ogre dies!
Really walk into a travel-excluded area?
You are engulfed in freezing vapours.
You resist.
You are engulfed in freezing vapours.
You resist.
You are engulfed in freezing vapours.
You resist.
You are engulfed in freezing vapours.
You resist.
You are engulfed in freezing vapours.
You resist.
You are engulfed in freezing vapours.
You resist.
You are engulfed in freezing vapours.
You resist.
You are engulfed in freezing vapours.
You resist.
You are engulfed in freezing vapours.
You resist.
* * * LOW HITPOINT WARNING * * *
You are engulfed in freezing vapours.
You resist.
* * * LOW HITPOINT WARNING * * *
You are engulfed in freezing vapours.
You resist.
You die...

..................##...##
.......<....#.....##...#
............#.....##...#
............##....######
.##...(.....##....#
.##.........##..###
###.........##....#########
####.#8'8##################
.....#..)§§§§§§§@........##
.....###################.##
.....#().........§§§§§§§.##
.....######################
...............S...########
...............#..##
.....#.........#..#
.....#.........#..#
.....#.........####


You could see an adder.

Vanquished Creatures
  A human (D:7)
  A yak (D:7)
  Edmund (D:5)
  A water moccasin (D:6)
  2 slaves
  An ogre (D:4)
  2 elf zombies (Ossuary)
  2 giant frogs (D:6)
  A scorpion (D:5)
  6 killer bees (D:7)
  2 crimson imps
  3 centaur zombies
  A human zombie (Ossuary)
  3 orc wizards
  A jelly (D:7)
  3 giant frog zombies
  2 centaur skeletons
  A hound (D:7)
  3 worker ants
  A big kobold zombie (Ossuary)
  3 sheep (D:7)
  A hound zombie (D:7)
  2 mummies (Ossuary)
  A hound skeleton (D:7)
  7 adders
  2 worker ant zombies (D:5)
  A shadow imp (D:6)
  An ooze (D:1)
  2 adder zombies (D:5)
  2 adder skeletons
  3 worms
  6 giant geckos
  16 orcs
  2 giant cockroaches
  5 goblins
  7 hobgoblins
  8 jackals
  6 kobolds
  3 quokkas
  A ball python (D:3)
  11 bats
  2 giant cockroach zombies (D:5)
  2 giant gecko skeletons (D:5)
  A giant gecko zombie (D:5)
  4 giant newts
  2 goblin zombies (Ossuary)
  13 hobgoblin zombies (Ossuary)
  2 jackal skeletons (D:4)
  2 jackal zombies
  7 kobold zombies (Ossuary)
  9 orc zombies (Ossuary)
  A quokka skeleton (D:5)
  8 rats
  A rat zombie (Ossuary)
182 creatures vanquished.

Vanquished Creatures (others)
  2 ogres
  An orc wizard (D:4)
3 creatures vanquished.

Grand Total: 185 creatures vanquished

Notes
Turn   | Place    | Note
--------------------------------------------------------------
     0 | D:1      | Lonerover the Minotaur Fighter began the quest for the Orb.
     0 | D:1      | Reached XP level 1. HP: 19/19 MP: 0/0
    43 | D:1      | Reached skill level 4 in Armour
    60 | D:1      | Reached XP level 2. HP: 25/27 MP: 1/1
   867 | D:2      | Reached XP level 3. HP: 33/33 MP: 2/2
   913 | D:2      | Found a glowing silver altar of Zin.
  1274 | D:2      | Found a sparkling altar of Nemelex Xobeh.
  1363 | D:2      | Reached XP level 4. HP: 38/41 MP: 3/3
  1722 | D:3      | Noticed DishwasherDemon's ghost (amateur HuNe)
  1766 | D:2      | HP: 2/41 [poisoned by DishwasherDemon's ghost]
  1774 | D:2      | HP: 1/41 [poisoned by DishwasherDemon's ghost]
  2564 | D:2      | HP: 2/41 [poisoned by DishwasherDemon's ghost]
  2572 | D:2      | HP: 1/41 [poisoned by DishwasherDemon's ghost]
  3308 | D:3      | Found an opulent altar of Gozag.
  3308 | D:3      | Found a bloodstained altar of Trog.
  3355 | D:4      | Noticed a slave
  3357 | D:4      | Noticed a slave
  3358 | D:4      | Noticed Pikel
  3360 | D:4      | Noticed a slave
  3360 | D:4      | Noticed a slave
  3379 | D:3      | Killed a slave
  3383 | D:3      | HP: 2/41 [poisoned by a worker ant]
  3391 | D:3      | HP: 1/41 [poisoned by a worker ant]
  3544 | D:2      | HP: 2/41 [slave[Pikel] (5)]
  3552 | D:2      | Killed a slave
  3906 | D:3      | HP: 1/41 [slave[Pikel] (4)]
  4366 | D:4      | Reached XP level 5. HP: 47/47 MP: 4/4
  4378 | D:4      | Reached skill level 5 in Fighting
  4471 | D:4      | Reached XP level 6. HP: 54/56 MP: 5/5
  4504 | D:4      | Noticed an ogre
  4511 | D:4      | Killed an ogre
  4511 | D:4      | Reached skill level 5 in Axes
  4834 | D:5      | Entered Level 5 of the Dungeon
  4844 | D:5      | Noticed Edmund
  4863 | D:5      | Killed Edmund
  4863 | D:5      | Reached skill level 6 in Fighting
  4863 | D:5      | Reached skill level 5 in Armour
  4863 | D:5      | Reached skill level 5 in Shields
  4943 | D:5      | Reached XP level 7. HP: 63/63 MP: 6/6
  5030 | D:5      | Found a sand-covered staircase.
  5052 | Ossuary  | Entered an ossuary
  5364 | D:5      | Found a staircase to the Ecumenical Temple.
  5382 | Temple   | Entered the Ecumenical Temple
  5461 | D:5      | Found a blossoming altar of Fedhas.
  5474 | D:5      | Reached skill level 7 in Fighting
  5571 | D:5      | Found a sacrificial altar of Ru.
  5702 | D:5      | Found an iron altar of Okawaru.
  5702 | D:5      | Found a basalt altar of Yredelemnul.
  5708 | D:5      | Became a worshipper of Warmaster Okawaru
  5910 | D:6      | Found a white marble altar of Elyvilon.
  5912 | D:6      | Reached XP level 8. HP: 73/73 MP: 7/7
  6178 | D:6      | Found an ancient bone altar of Kikubaaqudgha.
  6542 | D:7      | Found a snail-covered altar of Cheibriados.
  6628 | D:7      | Reached skill level 8 in Fighting
  6677 | D:7      | Got an ancient bone amulet
  6679 | D:7      | Identified the amulet "Nommaur" {+Rage +Inv rElec MP+9 Int+3} (You found it on level 7 of the Dungeon)
  6778 | D:7      | Reached * piety under Okawaru
  6888 | D:7      | Reached XP level 9. HP: 47/82 MP: 8/8
  7035 | D:7      | Reached skill level 9 in Fighting
  7096 | D:7      | Found Feethasoi's Food Shoppe.
  7549 | D:7      | Engulfed by a cloud of freezing vapour

Action                   |  1- 3 |  4- 6 |  7- 9 || total
-------------------------+-------+-------+-------++-------
Melee: War axe           |    72 |   151 |   257 ||   480
  Use: Scroll            |       |       |    14 ||    14
       Potion            |       |       |     1 ||     1
  Eat: Chunk             |     1 |    12 |     3 ||    16
       Bread ration      |       |       |     1 ||     1
